 Dungeon Crawl Stone Soup version 0.19.4-8-ga85b6b9 (webtiles) character file.

41 danebombitumenja the Shooter (level 3, -1/29 HPs)
             Began as a Centaur Hunter on Feb 11, 2017.
             Killed from afar by Sigmund (6 damage)
             ... with a magic dart
             ... on level 2 of the Dungeon.
             The game lasted 00:04:07 (1757 turns).

danebombitumenja the Shooter (Centaur Hunter)       Turns: 1757, Time: 00:04:08

Health: -1/29      AC:  7    Str: 15    XL:     3   Next: 32%
Magic:  3/3        EV:  4    Int: 10    God:
Gold:   98         SH:  0    Dex:  9    Spells: 0 memorised, 2 levels left

rFire  . . .     SeeInvis .     b - +1 short sword (venom)
rCold  . . .     Gourm    .     q - +0 chain mail
rNeg   . . .     Faith    .     (no shield)
rPois  .         Spirit   .     (no helmet)
rElec  .         Reflect  .     (no cloak)
rCorr  .         Harm     .     (no gloves)
MR     .....                    (no barding)
Stlth  ..........               (no amulet)
                                (no ring)
                                h - ring of loudness (curse)

@: very quick
A: hooves 3, deformed body, speed 2, tough skin 3
a: no special abilities


You were on level 2 of the Dungeon.
You were not hungry.

You visited 1 branch of the dungeon, and saw 2 of its levels.

You collected 98 gold pieces.

Inventory:

Hand Weapons
 a - a +1 shortbow
 b - a +1 short sword of venom (weapon)
Missiles
 d - 13 arrows
Armour
 q - a +0 chain mail (worn)
Jewellery
 h - a cursed ring of loudness (left hand)
Scrolls
 c - a scroll of noise {unknown}
 e - 2 scrolls of enchant weapon {unknown}
 i - 2 scrolls of identify {unknown}
 j - a scroll of amnesia {unknown}
 m - a scroll of magic mapping {unknown}
Potions
 k - 2 potions of curing {unknown}
 n - a potion of ambrosia {unknown}
 o - a potion of lignification {unknown}
 p - a potion of heal wounds {unknown}
 r - a potion of might {unknown}
Comestibles
 f - 6 bread rations
 g - 4 chunks of flesh
 l - a meat ration


   Skills:
 + Level 2.0 Fighting
 + Level 6.8 Bows
 - Level 1.3 Dodging
 - Level 0.4 Stealth


You had 2 spell levels left.
You didn't know any spells.

Dungeon Overview and Level Annotations

Branches:
Dungeon (2/15)

Altars:

Annotations:
D:2 Sigmund


Innate Abilities, Weirdness & Mutations

You have hooves in place of feet.
Armour fits poorly on your strangely shaped body.
You cover ground very quickly.
You have extremely tough skin. (AC +3)


Message History

You are confused.
You bump into the rock wall.
Sigmund hits you but does no damage.
You bump into the rock wall.
Sigmund closely misses you.
You closely miss Sigmund. Your kick misses Sigmund.
Your chain mail prevents you from hitting Sigmund.
Sigmund hits you with a scythe!
You bump into the rock wall.
You feel less confused. Sigmund hits you with a scythe.
* * * LOW HITPOINT WARNING * * *
You closely miss Sigmund.
Sigmund casts a spell.
Sigmund flickers and vanishes!
Deactivating autopickup; reactivate with Ctrl-A.
A puff of flame appears from out of thin air!
The puff of flame hits you!
* * * LOW HITPOINT WARNING * * *
A magic dart appears from out of thin air!
The magic dart hits you!
You die...

····▒ ▒·▒▒▒▒▒·▒▒▒▒▒··▒ ▒▒▒··
(···▒ ▒·▒ ▒········▒▒ ▒▒····
····▒▒▒·▒▒▒▒▒······▒··▒▒▒▒▒▒·····
····)···▒·····▒▒▒▒···············
············▒▒▒ ▒▒▒▒··▒▒▒▒······
····▒▒▒▒▒·▒▒▒ ▒▒·▒▒▒▒·····< ····▒
▒▒▒·▒ ▒▒▒▒▒▒···▒▒······
····▒▒▒···▒▒▒▒▒▒▒····{)··········
▒▒▒·············@·▒▒▒▒▒▒▒········
▒······▒▒▒▒▒▒▒▒▒▒ ▒▒·······
▒·>·▒▒▒▒ ▒····▒▒▒ ▒▒▒▒▒ ▒▒▒▒▒▒


There were no monsters in sight!

Vanquished Creatures
  An adder (D:2)
  A dart slug (D:2)
  2 giant cockroaches
  7 hobgoblins
  4 jackals (D:1)
  5 bats (D:1)
  4 frilled lizards
  2 kobolds (D:1)
  4 rats
30 creatures vanquished.

Notes
Turn   | Place    | Note
-------+----------+-------------------------------------------
     0 | D:1      | danebombitumenja the Centaur Hunter began the quest for the Orb.
     0 | D:1      | Reached XP level 1. HP: 17/17 MP: 1/1
     1 | D:1      | Noticed an electric eel
   227 | D:1      | Reached XP level 2. HP: 24/24 MP: 2/2
   380 | D:1      | Reached skill level 6 in Bows
  1114 | D:2      | Noticed Sigmund
  1118 | D:2      | Found a faded altar of an unknown god.
  1383 | D:2      | Reached XP level 3. HP: 12/29 MP: 3/3
  1757 | D:2      | Killed from afar by Sigmund

Skill      XL: |  1  2 |
---------------+-------+-----
Bows           | 6 |  6.8
Fighting       | |  2.0
Dodging        | |  1.3
Stealth        | |  0.4

Action                   || total
-------------------------++-------
Melee: Short sword       ||   106
       Kick              ||    15
 Fire: Shortbow          ||    26
  Eat: Chunk             ||     2
Armor: Leather armour    ||     7
       Scale mail        ||    59
       Chain mail        ||    15
Dodge: Dodged            ||    40
